 Dungeon Crawl Stone Soup version 0.30-a0-137-gd8773701ce (webtiles) character file.

Game seed: 16974228618292348789

5 ytrimaz the Chopper (level 1, -2/17 HPs)
             Began as a Demonspawn Gladiator on Sept 22, 2022.
             Slain by a goblin
             ... wielding a +0 club
              (4 damage)
             ... on level 1 of the Dungeon.
             The game lasted 00:00:13 (186 turns).

ytrimaz the Chopper (Demonspawn Gladiator)           Turns: 186, Time: 00:00:14

Health: -2/17      AC:  4    Str: 14    XL:     1   Next: 66%
Magic:  1/1        EV: 12    Int:  9    God:
Gold:   25         SH:  0    Dex: 14    Spells: 0/0 levels left

rFire   . . .      SeeInvis .    a - +0 war axe
rCold   . . .      Faith    .    (no shield)
rNeg    . . .      Spirit   .    b - +0 leather armour
rPois   .          Reflect  .    c - +0 helmet
rElec   .          Harm     .    (no cloak)
rCorr   .          Rampage  .    (no gloves)
Will    .....                    (no boots)
Stlth   +.........               (no amulet)
HPRegen 0.05/turn                (no ring)
MPRegen 0.07/turn                (no ring)

@: no status effects
A: no striking features
a: no special abilities


You were on level 1 of the Dungeon.
You visited 1 branch of the dungeon, and saw 1 of its levels.

You collected 25 gold pieces.


   Skills:
 * Level 2.3 Fighting
 + Level 2.8 Axes
 - Level 1.7 Throwing
 - Level 2.6 Dodging


You couldn't memorise any spells.
You didn't know any spells.
Your spell library was empty.

Inventory:

Hand Weapons
 a - a +0 war axe (weapon)
Missiles
 d - 3 throwing nets (quivered)
 e - a javelin
Armour
 b - a +0 leather armour (worn)
 c - a +0 helmet (worn)
Scrolls
 f - a scroll of identify {unknown}
 i - a scroll of vulnerability {unknown}
Potions
 g - 2 potions of haste {unknown}
 h - a potion of heal wounds {unknown}

Dungeon Overview and Level Annotations

Branches:
Dungeon (1/15) Zot: 5808

Altars:

#.##.##.### #.##.##.###
####...####. ##.
####.........## #..
#.......<...... #...
###...).....## #...
####...#####
###...###########.####..
......g@......###...##..
......g)...##...........
...........##...........
###...#.##..............
#...#.#####.###...####
#...#.......# #...# #..
######### #...# ##.
##.## #.#


You could see a hobgoblin and a goblin.


Message History

You hit the ball python.
You kill the ball python!
Unknown command.
Key pressed, stopping explore.
No target in view!
Unknown command.
Key pressed, stopping explore.
No target in view! 😎 HP[+1]
Your hp is fully restored (16).
Key pressed, stopping explore.
Unknown command.
You now have 13 gold pieces.
You now have 25 gold pieces (gained 12).
Key pressed, stopping explore.
No target in view!
Key pressed, stopping explore.
No target in view!
No target in view!
Unknown command.
No target in view!
Key pressed, stopping explore.
Unknown command.
i - a scroll labelled EFYAMU JUPRO Key pressed, stopping explore.
An endoplasm comes into view.
The endoplasm quivers.
An endoplasm is nearby!
An endoplasm is nearby!
The endoplasm jiggles.
An endoplasm is nearby!
A hobgoblin and a goblin come into view.
The hobgoblin shouts!
You hear a shout!
A bat comes into view.
The endoplasm closely misses you.
You barely miss the endoplasm. The endoplasm misses you.
Unknown command.
You hit the endoplasm but do no damage. The bat closely misses you.
The endoplasm freezes you.
You are frozen. 😕 HP[-1]
You take 1 damage, and now have 15/16 hp.
Unknown command.
You barely miss the endoplasm. You closely miss the bat.
The bat barely misses you.
A goblin comes into view. It is wielding a +0 club.
The endoplasm closely misses you. x2; The hobgoblin hits you.
You closely miss the hobgoblin. You hit the endoplasm but do no damage.
You barely miss the goblin. The endoplasm hits you. The hobgoblin misses you.
The goblin hits you but does no damage. 😕 HP[-1]
You take 1 damage, and now have 14/16 hp.
Unknown command.
You barely miss the hobgoblin. You slash the goblin!
You kill the goblin!
You hit the endoplasm. The endoplasm freezes you.
You are frozen.
The hobgoblin hits you but does no damage. 😮 HP[-2]
You take 2 damage, and now have 12/16 hp.
Unknown command.
The endoplasm freezes you.
You are frozen.
The hobgoblin hits you. The bat hits you but does no damage.
Things that are here:
a +0 club; a goblin corpse You are too injured to fight recklessly! 😮 HP[-2]
You take 2 damage, and now have 10/16 hp.
The bat closely misses you. The hobgoblin closely misses you.
The bat closely misses you.
Unknown command.
You are too injured to fight recklessly!
You closely miss the goblin. You closely miss the hobgoblin. You hit the bat.
You kill the bat!
The goblin barely misses you. The hobgoblin closely misses you.
The hobgoblin barely misses you. The goblin hits you with a +0 club.
The endoplasm freezes you.
You are frozen.
* * * LOW HITPOINT WARNING * * *
😨 HP[-4]
You take 4 damage, and now have 6/16 hp.
MASSIVE DAMAGE!! (PAUSE)
You closely miss the goblin. You completely miss the hobgoblin.
You hit the endoplasm.
You kill the endoplasm!
The goblin closely misses you. The hobgoblin barely misses you.
You now have 17 max hp (+1).
You are too injured to fight recklessly!
Unknown command.
You hit the hobgoblin. You closely miss the goblin. The goblin misses you.
The hobgoblin hits you.
* * * LOW HITPOINT WARNING * * *
😱 HP[-4]
You take 4 damage, and now have 2/17 hp.
MASSIVE DAMAGE!! (PAUSE)
You closely miss the hobgoblin. You barely miss the goblin.
The goblin hits you but does no damage. The hobgoblin misses you.
The goblin hits you with a +0 club.
You die...

Action                   || total
-------------------------++-------
Melee: War axe           ||    12
Armor: Leather armour    ||     5
Dodge: Dodged            ||    19

Levels and vault maps discovered:
D:1:      dpeg_arrival_rhombus, layout_loops_cross,
          shapermc_ecumenical_altar_pompeii

Notes
Turn   | Place    | Note
-------+----------+-------------------------------------------
     0 | D:1      | ytrimaz the Demonspawn Gladiator began the quest for the
                  | Orb.
     0 | D:1      | Reached XP level 1. HP: 16/16 MP: 1/1
     0 | D:1      | magus.rc [v1.9.6]
   185 | D:1      | HP: 2/17 [hobgoblin (4)]
   186 | D:1      | Slain by a goblin

Vanquished Creatures
  A ball python (D:1)
  An endoplasm (D:1)
  A goblin (D:1)
  2 bats (D:1)
5 creatures vanquished.

Table legend:
 A = Non-vault XP
 B = Vault XP
 C = Vault XP percentage of total XP
 D = Non-vault monster count
 E = Vault monster count
 F = Vault count percentage of total count
                 A         B        C        D         E       F
            +---------+---------+-------+---------+---------+-------
      Total |       8 |       0 |   0.0 |       5 |       0 |   0.0
            +---------+---------+-------+---------+---------+-------
        D:1 |       8 |       0 |   0.0 |       5 |       0 |   0.0
            +---------+---------+-------+---------+---------+-------

Illustrated notes

Table legend:
 A = Kills in this place as a percentage of kills in entire the game.
 B = Kills by you in this place as a percentage of kills by you in the entire game.
 C = Kills by friends in this place as a percentage of kills by friends in the entire game.
 D = Other kills in this place as a percentage of other kills in the entire game.
 E = Experience gained in this place as a percentage of experience gained in the entire game.
 F = Experience gained in this place divided by the number of levels of this place that you have seen.
                   A       B       C       D       E      F
               +-------+-------+-------+-------+-------+----------------------
         Total | 100.0 | 100.0 |   N/A |   N/A | 100.0 |   8.0
       Dungeon | 100.0 | 100.0 |   N/A |   N/A | 100.0 |   8.0
               +-------+-------+-------+-------+-------+----------------------

Table legend: (Time is in decaauts)
 A = Elapsed time spent in this place.
 B = Non-inter-level travel time spent in this place.
 C = Inter-level travel time spent in this place.
 D = Time resting spent in this place.
 E = Time spent auto-exploring this place.
 F = Levels seen in this place.
 G = Mean time per level.
                   A        B        C        D        E       F      G
               +--------+--------+--------+--------+--------+-----+--------+
         Total |    189 |    189 |      0 |      0 |    156 |   1 |  189.0 |
       Dungeon |    189 |    189 |      0 |      0 |    156 |   1 |  189.0 |
               +--------+--------+--------+--------+--------+-----+--------+

Top non-repeatable levels by time:
     D:1: 189 daAuts
